 Dungeon Sprint DCSS version 0.21.0-24-g2553a33 (webtiles) character file.

49 letownia2 the Ruffian (level 3, 0/36 HPs)
             Began as a Troll Wizard on Jan 20, 2018.
             Slain by a wolf (12 damage)
             ... in the Dungeon (Sprint III: "The Ten Rune Challenge").
             The game lasted 00:00:50 (109 turns).

letownia2 the Ruffian (Troll Wizard)                 Turns: 109, Time: 00:00:50

Health: 0/36       AC:  5    Str: 15    XL:     3   Next: 53%
Magic:  2/5        EV:  9    Int: 15    God:
Gold:   0          SH:  0    Dex:  8    Spells: 2/6 levels left

rFire    . . .     SeeInvis .     - Unarmed
rCold    . . .     Gourm    +   (no shield)
rNeg     . . .     Faith    .   a - +0 robe
rPois    .         Spirit   .   b - +0 hat
rElec    .         Reflect  .   (no cloak)
rCorr    .         Harm     .   (gloves unavailable)
MR       .....     NoTele   +   (boots unavailable)
Stlth    +.........             (no amulet)
HPRegen  0.52/turn              (no ring)
MPRegen  0.09/turn              (no ring)

@: very slightly contaminated
A: large, unfitting armour, claws 3, fast metabolism 3, gourmand, regeneration
1, shaggy fur 1, tough skin 2
a: no special abilities


You were in the Dungeon.
You were not hungry.

You visited 1 branch

Inventory:

Armour
 a - a +0 robe (worn)
 b - a +0 hat (worn)
Scrolls
 j - a scroll of blinking
Potions
 e - a potion of curing
 f - a potion of heal wounds
 g - a potion of haste
 h - 2 potions of magic
 i - a potion of berserk rage
 k - a potion of cancellation {unknown}
Books
 c - a book of Minor Magic

   Spells                             Type                      Level
   a - Magic Dart                     Conjuration                  1
   b - Blink                          Translocation                2
   c - Call Imp                       Summoning                    2
   d - Slow                           Hexes                        2
   e - Conjure Flame                  Conjuration/Fire             3
   f - Mephitic Cloud                 Conjuration/Poison/Air       3
Comestibles
 d - 4 rations


   Skills:
 - Level 2.6 Fighting
 - Level 1.5 Dodging
 - Level 1.0 Stealth
 + Level 5.4 Unarmed Combat
 + Level 2.4 Spellcasting
 - Level 0.6 Conjurations
   Level 0.6 Summonings
   Level 0.6 Translocations


You had 2 spell levels left.
You knew the following spells:

 Your Spells              Type           Power        Failure   Level  Hunger
a - Magic Dart            Conj           #...         17%         1    #......
e - Mephitic Cloud        Conj/Pois/Air  #.......     52%         3    ###....


Dungeon Overview and Level Annotations

Branches:
Dungeon (1/1)

Altars:


Innate Abilities, Weirdness & Mutations

You are too large for most types of armour.
You have claws for hands.
Your metabolism is lightning-fast.
You like to eat raw meat.
Your natural rate of healing is unusually fast.
You are covered in fur. (AC +1)
You have very tough skin. (AC +2)


Message History

You miss the wolf. The wolf barely misses you.
You closely miss the wolf. The wolf completely misses you. The wolf bites you!
* * * LOW HITPOINT WARNING * * *
You barely miss the wolf. The wolf barely misses you.
Unknown command.
You barely miss the wolf. The wolf barely misses you.
The wolf closely misses you.
Unknown command.
You scratch the wolf.
The wolf is heavily wounded.
The wolf closely misses you.
Unknown command.
You closely miss the wolf.
The wolf is heavily wounded.
The wolf bites you but does no damage. The wolf misses you.
Unknown command.
You scratch the wolf but do no damage.
The wolf is heavily wounded.
The wolf bites you!
You die...

▓▓▓▓ ▓▓▓▓▓▓▓
▓<.# +.....♣♣
▓..# #....♣.♣
▓#'####.....♣♣
▓.....#....≈.♣♣
▓.....#h..≈≈♣.♣.
▓.....#@.≈≈≈≈...
▓####'#..≈≈≈≈≈≈.
▓..)..#.≈≈≈≈≈≈..
▓.....#.≈≈≈≈≈...
▓.....#.≈≈≈.....
▓'#####.........
▓...............
▓▓▓▓▓▓▓▓▓▓▓▓▓▓▓▓


You could see a wolf.

Vanquished Creatures
  Jessica (D)
  A human (D)
  An ooze (D)
  A rat (D)
4 creatures vanquished.

Vanquished Creatures (others)
  5 hellions (D)
  A yaktaur (D)
6 creatures vanquished.

Grand Total: 10 creatures vanquished

Notes
Turn   | Place    | Note
-------+----------+-------------------------------------------
     0 | D        | letownia2 the Troll Wizard began the quest for the Orb.
     0 | D        | Reached XP level 1. HP: 16/16 MP: 2/2
     7 | D        | Reached skill level 1 in Fighting
     7 | D        | Reached skill level 2 in Unarmed Combat
    20 | D        | Noticed Jessica
    23 | D        | Killed Jessica
    23 | D        | Reached skill level 4 in Unarmed Combat
    23 | D        | Reached XP level 2. HP: 28/29 MP: 4/4
    23 | D        | Reached XP level 3. HP: 34/36 MP: 5/5
    30 | D        | Learned a level 3 spell: Mephitic Cloud
    39 | D        | Killed a yaktaur
    70 | D        | Reached skill level 5 in Unarmed Combat
   101 | D        | Killed a hellion
   102 | D        | Killed a hellion
   103 | D        | Killed a hellion
   103 | D        | Killed a hellion
   106 | D        | Killed a hellion
   109 | D        | Slain by a wolf

Skill      XL: |  1  2  3 |
---------------+----------+-----
Fighting       | 2 |  2.6
Unarmed Combat | 4 5 |  5.4
Dodging        | |  1.5
Stealth        | |  1.0
Spellcasting   | |  2.4
Conjurations   | |  0.6
Summonings     | |  0.6
Translocations | |  0.6

Action                   || total
-------------------------++-------
Melee: Unarmed           ||    27
 Cast: Mephitic Cloud    ||     1
 Stab: Sleeping          ||     1
       Confused          ||     2
  Eat: Chunk             ||     1
Armor: Robe              ||     5
Dodge: Dodged            ||    13
